 Dungeon Crawl Stone Soup version 0.22-a0-38-gc6ec8ce517 (webtiles) character file.

84 Kaname the Conjurer (level 4, 26/30 HPs)
             Began as a Demonspawn Wizard on Jan 4, 2018.
             Quit the game on level 2 of the Dungeon.
             The game lasted 00:03:44 (2167 turns).

Kaname the Conjurer (Demonspawn Wizard)             Turns: 2167, Time: 00:03:45

Health: 26/30      AC:  2    Str:  7    XL:     4   Next: 24%
Magic:  0/8        EV: 12    Int: 21    God:
Gold:   52         SH:  0    Dex: 13    Spells: 3/9 levels left

rFire    . . .     SeeInvis .   k - +0 spear
rCold    . . .     Gourm    .   (no shield)
rNeg     . . .     Faith    .   a - +0 robe
rPois    .         Spirit   .   b - +0 hat
rElec    .         Reflect  .   (no cloak)
rCorr    .         Harm     .   (no gloves)
MR       .....                  (no boots)
Stlth    ++........             (no amulet)
HPRegen  0.10/turn              (no ring)
MPRegen  0.11/turn              (no ring)

@: very slightly contaminated
A: thin skeletal structure 1, rot immunity
a: no special abilities


You were on level 2 of the Dungeon.
You were not hungry.

You visited 1 branch of the dungeon, and saw 2 of its levels.

You collected 52 gold pieces.

Inventory:

Hand Weapons
 k - a +0 spear (weapon)
Missiles
 e - 36 arrows
Armour
 a - a +0 robe (worn)
 b - a +0 hat (worn)
Scrolls
 g - 2 scrolls of identify {unknown}
Potions
 f - a potion of agility {unknown}
 h - a potion of brilliance {unknown}
 i - a potion of berserk rage {unknown}
 j - a potion of lignification {unknown}
Books
 c - a book of Minor Magic

   Spells                             Type                      Level
   a - Magic Dart                     Conjuration                  1
   b - Blink                          Translocation                2
   c - Call Imp                       Summoning                    2
   d - Slow                           Hexes                        2
   e - Conjure Flame                  Conjuration/Fire             3
   f - Mephitic Cloud                 Conjuration/Poison/Air       3
Comestibles
 d - 3 rations


   Skills:
 - Level 1.7 Dodging
 - Level 1.7 Stealth
 - Level 3.0 Spellcasting
 + Level 3.8 Conjurations
   Level 1.0 Summonings
 - Level 1.1 Translocations
 - Level 1.0 Poison Magic


You had 3 spell levels left.
You knew the following spells:

 Your Spells              Type           Power        Failure   Level  Hunger
a - Magic Dart            Conj           ###.         2%          1    None
b - Blink                 Tloc           N/A          13%         2    ##.....
c - Mephitic Cloud        Conj/Pois/Air  #.......     21%         3    ###....


Dungeon Overview and Level Annotations

Branches:
Dungeon (2/15)

Altars:
Dithmenos
Uskayaw
Wu Jian


Innate Abilities, Weirdness & Mutations

You have a somewhat thin skeletal structure. (Dex +2, Stealth)
You are immune to rotting.


Message History

Aim: Natasha (severely wounded)
The magic dart hits Natasha.
Natasha is severely wounded.
Natasha casts a spell.
You closely miss Natasha.
Natasha is severely wounded.
Natasha completely misses you.
Casting: Magic Dart
Confirm with . or Enter, or press ? or * to list all spells.
Aiming: Magic Dart
Press: ? - help, Shift-Dir - straight line, f/p - Natasha
Aim: Natasha (severely wounded)
The magic dart hits Natasha.
You kill Natasha!
Natasha screams in fury as she dies!
The iron imp disappears in a puff of smoke! x2
You have reached level 4!
You feel clever.
Your demonic ancestry asserts itself...
Your bones become slightly less dense.
Are you sure you want to abandon this character and quit the game? (Confirm with "yes".)

.##...#.................. ....#
........................ #..##
.##...#.##>.#.#.#....#.## #..#
......#.##..#........#.####..#
.......#########.............##
..>...## ##_## #..............#
.......##8...8 #.....#.###.#.##
......###.....##.....#.###.#.#
.......#8.....8#@.............
#.#(..###.... #.....#.###.#.#
.......# #.....#.###.#.#
...#..## #.....†.....# #
#..#...# .....8#...........
#......# .....##.#$..#.#...
......## 8...8 #.#.........
#.....## ##>## #............
.......####### #...........


There were no monsters in sight!

Vanquished Creatures
  Natasha (D:2)
  3 adders (D:2)
  A worm (D:2)
  A dart slug (D:1)
  7 bats
  2 giant cockroaches (D:1)
  3 goblins
  4 hobgoblins
  2 jackals (D:2)
  A frilled lizard (D:1)
  A kobold (D:1)
  2 rats (D:1)
28 creatures vanquished.

Notes
Turn   | Place    | Note
-------+----------+-------------------------------------------
     0 | D:1      | Kaname the Demonspawn Wizard began the quest for the Orb.
     0 | D:1      | Reached XP level 1. HP: 13/13 MP: 4/4
   587 | D:1      | Gained mutation: You are immune to rotting. [demonic ancestry]
   587 | D:1      | Reached XP level 2. HP: 13/19 MP: 1/6
   708 | D:1      | Learned a level 2 spell: Blink
  1481 | D:2      | Found a shadowy altar of Dithmenos.
  1486 | D:2      | Found an ornate altar of the Wu Jian Council.
  1566 | D:2      | Reached XP level 3. HP: 10/24 MP: 0/7
  1574 | D:2      | Learned a level 3 spell: Mephitic Cloud
  1669 | D:2      | Reached skill level 1 in Poison Magic
  1866 | D:2      | Noticed Natasha
  1917 | D:2      | Reached skill level 1 in Translocations
  2045 | D:2      | Found a hide-covered altar of Uskayaw.
  2166 | D:2      | Killed Natasha
  2166 | D:2      | Gained mutation: You have a somewhat thin skeletal structure. (Dex +2, Stealth) [demonic ancestry]
  2166 | D:2      | Reached XP level 4. HP: 26/30 MP: 0/8
  2167 | D:2      | Quit the game

Vault maps used:
D:1:      kilobyte_arrival_exit_the_forest
D:2:      nicolae_overflow_hidden_temple, minitemple, uniq_natasha, uniq_sigmund

Skill      XL: |  1  2  3 |
---------------+----------+-----
Conjurations   | 2 3 |  3.8
Poison Magic   | 1 |  1.0
Translocations | 1 |  1.1
Dodging        | |  1.7
Stealth        | |  1.7
Spellcasting   | |  3.0
Summonings     | |  1.0

Action                   |  1- 3 |  4- 6 || total
-------------------------+-------+-------++-------
Melee: Unarmed           |    35 |       ||    35
       Spear             |     2 |       ||     2
 Cast: Magic Dart        |    84 |     1 ||    85
  Eat: Chunk             |     4 |       ||     4
Armor: Robe              |    16 |       ||    16
Dodge: Dodged            |    31 |       ||    31

Table legend:
 A = Spawn XP
 B = Non-spawn XP
 C = Spawn XP percentage of total XP
 D = Spawn monster count
 E = Non-spawn monster count
 F = Spawn count percentage of total count
 G = Total turns spent on level
                    A         B        C        D         E        F      G
               +---------+---------+-------+---------+---------+-------+---------
         Total |       0 |     121 |   0.0 |       0 |      28 |   0.0 |  2167
               +---------+---------+-------+---------+---------+-------+---------
           D:1 |       0 |      25 |   0.0 |       0 |      14 |   0.0 |  1277
           D:2 |       0 |      96 |   0.0 |       0 |      14 |   0.0 |   890
               +---------+---------+-------+---------+---------+-------+---------
